Map: King's Cove LE

Players

SortOf - Winner!

  • Race: Zerg Zerg
  • Spawn Location: 5:00

Bee

  • Race: Zerg Zerg
  • Spawn Location: 11:00

Event: 2019 WCS Summer

VOD

Have the link to the VOD?

Description

Time

  • Played on: July 12, 2019, 6:10 a.m.
  • Length: 9:04

All games in this series

Show
View Real Time Build Order
Export as new Build Order

SortOf Zerg - Winner!

Build Orders: Hatch First 

Get SALT Encoding   

  12  0:00  Drone  
  13  0:12  Overlord  
  13  0:18  Drone  
  14  0:31  Drone x2  
  16  0:51  Hatchery  
  16  0:53  Drone  
  16  0:58  Drone  
  16  1:01  Drone  
  18  1:12  Extractor  
  18  1:16  Spawning Pool  
  17  1:18  Drone  
  17  1:22  Drone  
  18  1:28  Drone  
  19  1:40  Drone  
  20  1:49  Overlord  
  20  2:02  Queen x2  
  20  2:04  Drone x2  
  26  2:13  Drone x2  
  26  2:15  Metabolic Boost  
  28  2:26  Drone x2  
  30  2:40  Hatchery  
  29  2:46  Zergling x2  
  29  2:49  Baneling Nest  
  29  2:50  Zergling x2  
  30  2:51  Drone  
  30  2:53  Drone  
  30  2:57  Overlord  
  32  3:00  Drone  
  33  3:05  Drone  
  33  3:10  Queen  
  36  3:17  Drone x2  
  38  3:20  Drone  
  38  3:21  Drone  
  38  3:23  Zergling x2  
  38  3:25  Overlord  
  41  3:31  Drone  
  41  3:32  Drone  
  43  3:35  Drone  
  43  3:41  Baneling, Evolution Chamber  
  43  3:43  Lair  
  43  3:47  Drone x2  
  45  3:49  Drone  
  45  3:54  Drone x3  
  49  3:58  Zergling x2  
  49  4:00  Drone x2  
  49  4:02  Extractor  
  51  4:04  Extractor  
  51  4:07  Overlord  
  50  4:14  Drone x4  
  53  4:19  Drone x4  
  53  4:24  Zergling x4  
  57  4:30  Drone x4  
  61  4:32  Extractor  
  61  4:33  Drone  
  61  4:36  Drone  
  62  4:38  Extractor  
  62  4:40  Extractor  
  62  4:43  Drone, Spire  
  62  4:45  Drone  
  61  4:50  Drone x2  
  63  4:55  Drone x3  
  63  4:57  Overlord  
  63  4:58  Overlord  
  65  5:04  Overlord  
  65  5:09  Drone  
  65  5:11  Overlord  
  64  5:16  Zergling x4  
  64  5:17  Zergling x2  
  64  5:18  Drone x2  
  69  5:23  Drone x6  
  69  5:26  Drone  
  69  5:28  Zergling x6  
  79  5:31  Zergling x2  
  79  5:34  Overlord  
  79  5:35  Overlord  
  80  5:42  Overlord  
  80  5:55  Mutalisk x5, Zerg Flyer Armor Level 1  
  90  5:57  Mutalisk  
  90  6:07  Mutalisk x5  
  98  6:14  Mutalisk  
  98  6:18  Mutalisk  
  97  6:21  Hatchery  
  97  6:23  Mutalisk  
  100  6:26  Zergling x8  
  100  6:31  Mutalisk  
  106  6:33  Overlord  
  106  6:35  Mutalisk  
  106  6:38  Zergling x8  
  112  6:43  Overlord  
  112  6:46  Mutalisk  
  114  6:50  Overlord x3  
  114  6:53  Mutalisk, Extractor  
  115  6:57  Extractor  
  114  7:02  Mutalisk x2  
  114  7:06  Mutalisk  
  114  7:07  Overlord  
  114  7:08  Drone x2  
  122  7:09  Drone x3  
  122  7:10  Drone  
  122  7:15  Mutalisk  
  128  7:16  Zergling x2  
  128  7:27  Mutalisk x2  
  128  7:29  Overlord  
  131  7:32  Zergling x12  
  136  7:38  Mutalisk  
  136  7:39  Mutalisk  
  140  7:44  Zergling x10  
  140  7:48  Drone  
  140  7:57  Mutalisk  
  140  7:58  Mutalisk x2  
  146  8:01  Zergling x8  
  146  8:05  Overlord  
  150  8:14  Mutalisk x4  
  150  8:15  Spore Crawler x2  
  150  8:19  Drone x2  
  158  8:23  Mutalisk x2  
  158  8:26  Zergling x10  
  166  8:33  Overlord  
  164  8:46  Overlord  
Show
View Real Time Build Order
Export as new Build Order

Bee Zerg 

Build Orders: Hatch First 

Get SALT Encoding   

  12  0:01  Drone  
  13  0:12  Overlord  
  13  0:17  Drone  
  14  0:30  Drone  
  14  0:31  Drone  
  16  0:49  Hatchery  
  15  0:53  Drone  
  15  0:56  Drone  
  17  1:00  Drone  
  18  1:10  Extractor  
  17  1:15  Spawning Pool  
  16  1:19  Drone  
  16  1:23  Drone  
  18  1:28  Drone  
  19  1:38  Drone  
  20  1:49  Overlord  
  20  2:01  Drone x2  
  20  2:02  Queen x2  
  26  2:11  Drone  
  26  2:12  Drone  
  26  2:14  Metabolic Boost  
  28  2:23  Drone x2  
  30  2:36  Hatchery  
  29  2:41  Zergling x4  
  31  2:46  Overlord  
  31  2:52  Baneling Nest  
  31  2:54  Drone  
  31  2:56  Drone  
  32  3:01  Drone  
  33  3:06  Queen  
  33  3:09  Drone  
  33  3:12  Drone  
  37  3:13  Drone  
  37  3:16  Drone  
  39  3:20  Overlord  
  39  3:24  Zergling x2  
  39  3:27  Drone  
  41  3:30  Drone x2  
  43  3:35  Evolution Chamber  
  43  3:36  Drone  
  43  3:38  Zergling x2  
  44  3:43  Extractor  
  44  3:45  Lair  
  43  3:48  Extractor  
  43  3:49  Drone x2  
  43  3:51  Drone  
  45  3:58  Baneling  
  45  4:01  Zerg Melee Weapons Level 1  
  45  4:03  Drone x3  
  45  4:07  Drone x3  
  50  4:21  Drone  
  50  4:22  Drone, Extractor  
  50  4:23  Drone x2  
  51  4:28  Roach Warren  
  50  4:33  Overlord x2  
  50  4:35  Drone x3  
  50  4:36  Drone x2  
  55  4:40  Baneling  
  55  4:46  Spire  
  55  4:50  Zergling x4  
  55  4:51  Zergling x2  
  55  4:55  Drone x2  
  55  4:59  Extractor  
  56  5:00  Extractor  
  56  5:05  Drone x5  
  58  5:12  Drone x3  
  60  5:15  Baneling  
  60  5:18  Drone x4  
  64  5:24  Overlord  
  64  5:28  Overlord  
  64  5:30  Drone x2  
  66  5:40  Drone x6  
  71  5:43  Baneling  
  71  5:44  Zergling x4  
  71  5:48  Drone x2  
  75  5:50  Drone x2  
  75  5:54  Baneling  
  75  5:55  Zergling x4  
  75  5:56  Drone  
  80  6:00  Mutalisk x2  
  84  6:07  Mutalisk x3  
  84  6:09  Zergling x2  
  87  6:19  Baneling  
  87  6:23  Hatchery  
  87  6:24  Infestation Pit  
  85  6:28  Mutalisk x2  
  85  6:29  Overlord  
  85  6:30  Overlord  
  89  6:35  Zerg Flyer Armor Level 1  
  89  6:37  Overlord x2  
  89  6:44  Overlord x2  
  89  6:55  Overlord  
  89  6:56  Corruptor x3  
  92  7:02  Hive  
  92  7:04  Zergling x4  
  94  7:10  Corruptor x2  
  98  7:16  Corruptor  
  98  7:19  Extractor  
  98  7:20  Corruptor x2  
  98  7:21  Extractor  
  102  7:25  Zergling x4  
  102  7:26  Zergling x4  
  104  7:32  Zergling x4  
  104  7:35  Drone x6  
  106  7:50  Hatchery  
  103  7:52  Drone  
  103  7:53  Drone, Queen  
  103  7:55  Corruptor  
  108  8:13  Zergling x6  
  108  8:16  Viper x3  
  108  8:18  Mutalisk  
  121  8:20  Overlord x2  
  104  8:44  Drone x3  
Tags
 
Add a new tag
Caveats
  • Supply blocks, unpowered buildings, or Contaminate may cause inaccurate times.
  • Supply counts are checked every 10 seconds.